 Dungeon Crawl Stone Soup version 0.30-a0-924-g0ad0bf95bc (webtiles) character file.

Game seed: 9182785239066897863

12188 tilp the Warmonger (level 12, -1/106 HPs)
             Began as a Meteoran Fighter on Mar 22, 2023.
             Was a High Priest of Okawaru.
             Slain by a rust devil (11 damage)
             ... on level 11 of the Dungeon.
             The game lasted 00:27:01 (5208 turns).

tilp the Warmonger (Meteoran Fighter)               Turns: 5208, Time: 00:27:01

Health: -1/106     AC: -11   Str: 17    XL:     12   Next: 45%
Magic:  22/22      EV: 12    Int: 12    God:    Okawaru [*****.]
Gold:   520        SH: 12    Dex: 18    Spells: 11/11 levels left

rFire   . . .      SeeInvis .    a - +4 scimitar
rCold   . . .      Faith    .    S - +0 kite shield
rNeg    + . .      Spirit   .    j - +0 chain mail
rPois   .          Reflect  .    y - +1 helmet
rElec   .          Rampage  .    g - +1 cloak
rCorr   .                        (no gloves)
Will    +....                    k - +2 pair of boots Stlth
                                 C - amulet of regeneration
HPRegen 1.17/turn                B - ring of positive energy
MPRegen 0.18/turn                (no ring)

@: about to teleport, heroic, corroded, slowed, glowing, very slow
A: sense surroundings 2, otherworldly, glowing, explore regen
a: Renounce Religion, Heroism, Finesse, Duel


You were on level 11 of the Dungeon.
You worshipped Okawaru.
Okawaru was extremely pleased with you.
You visited 1 branch of the dungeon, and saw 12 of its levels.
You also visited: Ossuary.

You collected 545 gold pieces.
You spent 25 gold pieces at shops.

Inventory:

Hand Weapons
 a - a +4 scimitar (weapon)
 b - a +2 sling of flaming
 w - a +1 rapier of draining
 K - a +3 long sword
Missiles
 i - 6 javelins
 t - 27 poisoned darts (quivered)
 E - 10 boomerangs
 J - 4 throwing nets {!f}
 N - 2 datura-tipped darts
 O - 2 boomerangs of dispersal
Armour
 g - a +1 cloak (worn)
 j - a +0 chain mail (worn)
 k - a +2 pair of boots (worn)
 m - a +0 plate armour
 y - a +1 helmet (worn)
 I - +0 ice dragon scales
 M - a +0 tower shield
 R - the +1 helmet "Ecimap" {rCorr Int+2}
   (Okawaru gifted it to you on level 11 of the Dungeon)

   Int:       It affects your intelligence (+2).
   rCorr:     It protects you from acid and corrosion.
 S - a +0 kite shield (worn)
Jewellery
 f - an amulet of the acrobat
 B - a ring of positive energy (left hand)
 C - an amulet of regeneration (around neck)
Wands
 p - a wand of quicksilver (7)
 F - a wand of flame (7)
Scrolls
 l - 2 scrolls of poison
 s - 6 scrolls of immolation
 v - a scroll of vulnerability
 H - a scroll of magic mapping
Potions
 d - 2 potions of might
 h - 3 potions of cancellation
 n - 2 potions of heal wounds
 o - 4 potions of curing
 q - 2 potions of flight
 r - 2 potions of lignification
 u - 2 potions of mutation
 x - a potion of ambrosia {unknown}
 z - 3 potions of haste
 G - a potion of attraction {unknown}
 L - 2 potions of brilliance {unknown}
 P - a potion of invisibility {unknown}
 Q - a potion of degeneration {unknown}


   Skills:
 * Level 9.7(14.7) Fighting
 * Level 11.3(16.3) Long Blades
 + Level 4.8(9.8) Throwing
 + Level 5.6(10.6) Armour
 + Level 7.2(12.2) Dodging
 + Level 5.5(10.5) Shields
 + Level 12.7 Invocations
 + Level 4.9 Evocations


You had 11 spell levels left.
You didn't know any spells.
Your spell library was empty.

Dungeon Overview and Level Annotations

Branches:
Dungeon (12/15) Zot: 2379  Temple (0/1) D:6            Lair (0/5) D:9
    Orc (0/2) D:11        Ossuary (visited)

Altars:
Ashenzari
Gozag
Okawaru
Sif Muna
Zin

Shops:
D:10 =   D:11 *

Annotations:
D:8 2 transporters, GrimJard's ghost, novice DrCj


Innate Abilities, Weirdness & Mutations

You passively map the area around you.
You are easily found by Zot.
You glow in the dark.
You regain HP and MP as you explore.


Message History

The grasping roots constrict the rust devil.
You hear a chilling moan.
You block the wraith's attack. The rust devil hits you.
* * * LOW HITPOINT WARNING * * *
The rust devil corrodes you! The wraith barely misses you.
You block the rust devil's attack.
Unknown command.
Unknown command.
Unknown command.
Unknown command.
Unknown command.
You hit the rust devil but do no damage.
The rust devil is severely wounded.
The grasping roots constrict the rust devil.
The wraith hits you!
* * * LOW HITPOINT WARNING * * *
You block the rust devil's attack.
Unknown command.
You hit the rust devil but do no damage.
The rust devil is severely wounded.
The grasping roots constrict the rust devil.
The roots release their grip on the rust devil.
The wraith hits you!
* * * LOW HITPOINT WARNING * * *
The wraith drains your vigour!
You feel as though you will be slow longer.
You block the rust devil's attack. The wraith completely misses you.
The rust devil hits you!
* * * LOW HITPOINT WARNING * * *
The rust devil corrodes you! The wraith hits you!
* * * LOW HITPOINT WARNING * * *
You climb upwards.
There is a stone staircase leading down here.
Unknown command.
Blink to where?
Press: ? - help, Dir - move target
As you read the scroll of blinking, it crumbles to dust.
As you read the scroll of teleportation, it crumbles to dust.
You feel strangely unstable. The rust devil hits you!
You die...

..## ######.###
.####### ###..##
.#.....# ###.....#
)#####.###.'.###.#
)#...#.#...#.W.#(#
.#.#.#.#.#####.#.#
...#.....# #.#...#
######.### #.###4#
.....#.# #....@#
.###.#.# #.#####
...#...# #.....#
##.##### ####'##
#.# #.# #.# #.#
#.# #.# ##'#####
###'### .......#
#.....#


You could see a rust devil and a wraith.

Vanquished Creatures
  Harold (D:9)
  A two-headed ogre (D:9)
  4 skeletal warriors
  3 ugly things (D:11)
  A cyclops (D:11)
  Maurice (D:9)
  An unseen horror (D:11)
  A komodo dragon (D:11)
  3 trolls
  2 hornets (D:8)
  A vampire (D:9)
  A ynoxinul (D:11)
  A wraith (D:11)
  Grum (D:8)
  2 steam dragons (D:8)
  3 vampire mosquitoes (D:10)
  A water moccasin (D:7)
  An acid dragon (D:10)
  6 orc warriors
  A black bear (D:8)
  3 wolves (D:8)
  8 centaurs
  2 kobold brigands
  An elf zombie (Ossuary)
  2 bullfrogs (D:7)
  A gnoll sergeant (D:11)
  A scorpion (D:6)
  13 wights
  7 killer bees (D:8)
  2 howler monkeys
  2 human zombies (Ossuary)
  3 centaur zombies (Ossuary)
  2 quasits
  A jelly (D:6)
  4 orc priests
  A gnoll bouda (D:8)
  A sleepcap (D:5)
  9 orc wizards
  3 mummies (Ossuary)
  A hound zombie (Ossuary)
  9 gnolls
  An adder (D:3)
  A white imp (D:6)
  An ufetubus (D:4)
  3 adder zombies (Ossuary)
  A worm (D:4)
  34 orcs
  A ball python (D:3)
  A bat (D:3)
  A gnoll zombie (Ossuary)
  2 goblins
  A hobgoblin (D:2)
  12 kobolds
  A quokka (D:1)
  A frilled lizard (D:3)
  2 goblin zombies (Ossuary)
  4 hobgoblin zombies (Ossuary)
  8 jackal zombies (Ossuary)
  2 kobold zombies (Ossuary)
  An orc zombie (Ossuary)
  2 quokka zombies (Ossuary)
  3 rats
  5 rat zombies (Ossuary)
200 creatures vanquished.

Vanquished Creatures (others)
  An orc wizard (D:11)
  2 demonic plants (D:12)
3 creatures vanquished.

Grand Total: 203 creatures vanquished

Notes
Turn   | Place    | Note
-------+----------+-------------------------------------------
     0 | D:1      | tilp the Meteoran Fighter began the quest for the Orb.
     0 | D:1      | Reached XP level 1. HP: 19/19 MP: 2/2
    70 | D:2      | Reached XP level 2. HP: 26/26 MP: 3/3
   169 | D:3      | Reached skill level 1 in Dodging
   183 | D:3      | Reached XP level 3. HP: 24/31 MP: 4/4
   295 | D:3      | Reached XP level 4. HP: 14/40 MP: 5/5
   340 | D:3      | Found an iron altar of Okawaru.
   356 | D:3      | Became a worshipper of Warmaster Okawaru
   400 | D:4      | Found a broken altar of Ashenzari.
   586 | D:5      | Entered Level 5 of the Dungeon
   639 | D:5      | Reached XP level 5. HP: 27/46 MP: 6/6
   696 | D:6      | Found a staircase to the Ecumenical Temple.
   755 | D:6      | Noticed a kobold brigand
   765 | D:6      | Killed a kobold brigand
   766 | D:6      | Reached skill level 5 in Long Blades
   766 | D:6      | Reached XP level 6. HP: 21/52 MP: 7/7
   843 | D:5      | Noticed a centaur
   857 | D:5      | Killed a centaur
   857 | D:5      | Reached * piety under Okawaru
   858 | D:5      | Reached skill level 1 in Invocations
   932 | D:6      | Reached XP level 7. HP: 45/59 MP: 7/9
   947 | D:6      | Found a sand-covered staircase.
   955 | Ossuary  | Entered an ossuary
  1026 | Ossuary  | Reached skill level 1 in Throwing
  1026 | Ossuary  | Reached skill level 2 in Invocations
  1026 | Ossuary  | Reached skill level 1 in Evocations
  1132 | Ossuary  | Reached ** piety under Okawaru
  1254 | Ossuary  | Reached XP level 8. HP: 51/67 MP: 11/11
  1284 | Ossuary  | Reached skill level 3 in Invocations
  1437 | D:4      | Found a shimmering blue altar of Sif Muna.
  1441 | D:4      | Found an opulent altar of Gozag.
  1513 | D:6      | Reached skill level 5 in Fighting
  1631 | D:7      | Reached skill level 4 in Invocations
  1993 | D:7      | Reached *** piety under Okawaru
  1994 | D:7      | Gained mutation: You passively map the area around you.
                  | [Meteoran growth]
  1994 | D:7      | Reached XP level 9. HP: 23/75 MP: 13/13
  2026 | D:8      | Found a transporter.
  2031 | D:8      | Noticed GrimJard's ghost (novice DrCj)
  2031 | D:8      | Noticed a moth of wrath
  2115 | D:8      | Reached skill level 5 in Invocations
  2122 | D:8      | Noticed a hornet
  2128 | D:8      | Paralysed by a hornet for 2 turns
  2132 | D:8      | Killed a hornet
  2306 | D:8      | Reached skill level 6 in Invocations
  2321 | D:8      | Noticed a hornet
  2327 | D:8      | Paralysed by a hornet for 1 turns
  2333 | D:8      | Killed a hornet
  2488 | D:9      | Noticed Harold
  2491 | D:8      | Noticed Grum
  2521 | D:8      | Killed Grum
  2522 | D:8      | Reached skill level 5 in Dodging
  2522 | D:8      | Reached skill level 7 in Invocations
  2522 | D:8      | Reached XP level 10. HP: 47/86 MP: 14/16
  2839 | D:8      | Found a transporter.
  2884 | D:10     | Entered Level 10 of the Dungeon
  2892 | D:9      | Noticed Maurice
  3142 | D:9      | Reached **** piety under Okawaru
  3143 | D:9      | Reached skill level 8 in Invocations
  3183 | D:9      | Killed Maurice
  3184 | D:9      | Reached skill level 10 in Long Blades
  3184 | D:9      | Reached skill level 9 in Invocations
  3287 | D:9      | Noticed a two-headed ogre
  3298 | D:9      | Killed a two-headed ogre
  3299 | D:9      | Reached skill level 10 in Invocations
  3347 | D:9      | Found a staircase to the Lair.
  3420 | D:9      | Found a glowing silver altar of Zin.
  3484 | D:9      | Reached XP level 11. HP: 91/94 MP: 20/20
  3592 | D:9      | Killed Harold
  3592 | D:9      | Reached ***** piety under Okawaru
  3593 | D:9      | Reached skill level 11 in Invocations
  3693 | D:10     | Reached skill level 12 in Invocations
  3920 | D:10     | Identified the +7 quarterstaff of Asouthrya {flame, rElec
                  | rCorr Int+4}
  4016 | D:10     | Found Okysafo's Jewellery Emporium.
  4314 | D:11     | Noticed a purple ugly thing
  4326 | D:11     | Killed a purple ugly thing
  4326 | D:11     | Received a gift from Okawaru
  4428 | D:11     | Found Ralumot's Assorted Antiques.
  4433 | D:11     | Bought a puce potion for 25 gold pieces
  4515 | D:11     | Noticed a skeletal warrior
  4516 | D:11     | Noticed a skeletal warrior
  4517 | D:11     | Noticed a cyclops
  4517 | D:11     | Noticed a skeletal warrior
  4517 | D:11     | Noticed a skeletal warrior
  4540 | D:11     | Killed a skeletal warrior
  4548 | Arena    | Entered the Arena
  4569 | Arena    | Killed a skeletal warrior
  4599 | D:11     | Killed a skeletal warrior
  4610 | D:11     | Killed a skeletal warrior
  4611 | D:11     | Reached skill level 5 in Armour
  4611 | D:11     | Reached skill level 5 in Shields
  4611 | D:11     | Reached XP level 12. HP: 30/104 MP: 15/22
  4617 | D:11     | Identified the +1 helmet "Ecimap" {rCorr Int+2} (Okawaru
                  | gifted it to you on level 11 of the Dungeon)
  4617 | D:11     | Received a gift from Okawaru
  5128 | D:11     | Found a staircase to the Orcish Mines.
  5205 | D:12     | HP: 3/106 [wraith (7)]
  5208 | D:11     | Slain by a rust devil

Illustrated notes

Levels and vault maps discovered:
D:1:      psy_arrival_terrarium, layout_basic,
          hellmonk_ecumenical_altar_lost_god
D:2:      layout_loops_corners, serial_aquarium, aquarium_bridge_island_small
          [aquarium_subvault_small_open, aquarium_subvault_wall,
          aquarium_subvault_bridge, aquarium_subvault_wall,
          aquarium_subvault_bridge], aquarium_bridge_straight
          [aquarium_subvault_bridge, aquarium_subvault_wall,
          aquarium_subvault_bridge, aquarium_subvault_wall],
          aquarium_window_corner, aquarium_window_corridor_3,
          aquarium_window_corner, aquarium_window_fake, aquarium_view_2g,
          aquarium_balcony_3a, aquarium_pool_side, st_stairs_14
D:3:      layout_loops_ring, mainiacjoe_overflow_catwalk,
          kennysheep_another_room, glass_columns_b
D:4:      layout_cave_pools, ashenzari_altar_1,
          nicolae_overflow_hallway_of_the_gods, ebering_dispersal_statue_hall,
          minmay_a_box_with_orc_wizards_in_it
D:5:      layout_basic
D:6:      layout_loops_ring, minmay_temple_entry_stoned_glass,
          nicolae_ossuary_entry_ruins, hangedman_decor_growths
D:7:      layout_loops_ring
D:8:      layout_loops_corners, gammafunk_ghost_berserking_beasts, uniq_grum
D:9:      layout_gridville, mainiacjoe_overflow_six_doors_small,
          lair_entry_dummy, uniq_harold, uniq_maurice
D:10:     layout_irregular_city, serial_shops, nicolae_shop_window_shopping,
          kennysheep_decorative_pillar
D:11:     layout_roguey, david_orc_4, serial_shops, shop, grunt_ministairs_9
D:12:     layout_roguey, serial_demonic, serial_demonic_f, serial_demonic_e,
          serial_demonic_g, serial_demonic_c, serial_demonic_g,
          serial_demonic_b, serial_demonic_e, serial_demonic_d,
          minmay_fractal_squares_gapless_7

Skill      XL: |  1  2  3  4  5  6  7  8  9 10 11 12 |
---------------+-------------------------------------+-----
Long Blades    | 3 4 5 6 7 9 10 11 | 11.3
Dodging        | 1 2 3 5 6 7 |  7.2
Fighting       | 4 5 7 8 9 |  9.7
Invocations    | 1 2 4 7 10 12 | 12.7
Throwing       | 1 2 3 4 |  4.8
Evocations     | 1 3 4 |  4.9
Armour         | 4 5 |  5.6
Shields        | 4 5 |  5.5

Action                     |  1- 3 |  4- 6 |  7- 9 | 10-12 || total
---------------------------+-------+-------+-------+-------++-------
  Melee: Long sword        |       |    82 |   395 |   207 ||   684
         Scimitar          |       |       |       |   299 ||   299
   Fire: Sling             |    28 |    32 |       |       ||    60
  Throw: Dart              |       |       |       |     9 ||     9
         Boomerang         |       |       |       |     5 ||     5
 Invoke: Heroism           |       |       |     4 |     7 ||    11
         Finesse           |       |       |       |     1 ||     1
         Duel              |       |       |       |     1 ||     1
  Evoke: Wand              |       |       |     3 |     6 ||     9
    Use: Scroll            |       |     9 |     2 |    10 ||    21
         Potion            |       |       |       |     1 ||     1
 Armour: Scale mail        |     5 |    35 |       |       ||    40
         Chain mail        |       |     4 |   266 |   264 ||   534
  Dodge: Dodged            |     5 |    41 |   140 |   183 ||   369
  Block: Buckler           |     2 |    30 |   134 |   122 ||   288
         Kite shield       |       |       |       |    41 ||    41

Table legend: (Time is in decaauts)
 A = Elapsed time spent in this place.
 B = Non-inter-level travel time spent in this place.
 C = Inter-level travel time spent in this place.
 D = Time resting spent in this place.
 E = Time spent auto-exploring this place.
 F = Levels seen in this place.
 G = Mean time per level.
                   A        B        C        D        E       F      G
               +--------+--------+--------+--------+--------+-----+--------+
         Total |   5228 |   4536 |    692 |    122 |      0 |  14 |  373.4 |
       Dungeon |   4819 |   4127 |    692 |    105 |      0 |  12 |  401.6 |
       Ossuary |    371 |    371 |      0 |      0 |      0 |   1 |  371.0 |
         Arena |     37 |     37 |      0 |     17 |      0 |   1 |   37.0 |
               +--------+--------+--------+--------+--------+-----+--------+

Top non-repeatable levels by time:
     D:8: 914 daAuts
    D:11: 862 daAuts
     D:9: 647 daAuts
    D:10: 566 daAuts
     D:7: 499 daAuts
 Ossuary: 371 daAuts
     D:6: 343 daAuts
     D:3: 295 daAuts
     D:4: 289 daAuts
     D:5: 224 daAuts
     D:1: 68 daAuts
     D:2: 61 daAuts
    D:12: 47 daAuts
   Arena: 37 daAuts
